 Dungeon Crawl Stone Soup version 0.26.1-11-gd32895ea62 (webtiles) character file.

Game seed: 4923073506786991158

43 pascalblue the Magician (level 3, -1/19 HPs)
             Began as a Deep Elf Earth Elementalist on May 28, 2021.
             Slain by a worm (8 damage)
             ... on level 2 of the Dungeon.
             The game lasted 00:03:26 (2269 turns).

pascalblue the Magician (DEEE)                      Turns: 2269, Time: 00:03:27

Health: -1/19      AC:  2    Str:  5    XL:     3   Next: 37%
Magic:  10/10      EV: 13    Int: 20    God:
Gold:   105        SH:  0    Dex: 15    Spells: 9/10 levels left

rFire    . . .     SeeInvis .   a - +0 short sword
rCold    . . .     Faith    .   (no shield)
rNeg     . . .     Spirit   .   c - +0 robe
rPois    .         Reflect  .   (no helmet)
rElec    .         Harm     .   (no cloak)
rCorr    .         Rampage  .   (no gloves)
Will     .....                  (no boots)
Stlth    ++........             (no amulet)
HPRegen  0.06/turn              (no ring)
MPRegen  0.12/turn              (no ring)

@: no status effects
A: no striking features
a: no special abilities


You were on level 2 of the Dungeon.
You visited 1 branch of the dungeon, and saw 2 of its levels.

You collected 105 gold pieces.

Inventory:

Hand Weapons
 a - a +0 short sword (weapon)
Missiles
 b - 16 stones
 h - 4 poisoned darts
Armour
 c - a +0 robe (worn)
Scrolls
 d - 2 scrolls of identify {unknown}
Potions
 e - a potion of flight {unknown}
 f - a potion of resistance {unknown}
 g - a potion of cancellation {unknown}


   Skills:
 - Level 2.4 Dodging
 - Level 2.4 Stealth
 * Level 4.0 Spellcasting
 + Level 1.9 Transmutations
 * Level 4.0 Earth Magic


You had 9 spell levels left.
You knew the following spells:

 Your Spells              Type           Power        Failure   Level
a - Sandblast             Erth           40%          2%          1

Your spell library contained the following spells:

 Spells                   Type           Power        Failure   Level
 Passwall                 Tmut/Erth      13%          5%          2
 Stone Arrow              Conj/Erth      24%          17%         3
 Petrify                  Tmut/Erth      16%          36%         4
 Lee's Rapid Deconstruct  Erth           10%          56%         5


Dungeon Overview and Level Annotations

Branches:
Dungeon (2/15)

Altars:
Dithmenos
Kikubaaqudgha
Trog
Wu Jian


Message History

The rat is severely wounded.
The rat bites you. The rat completely misses you.
You hit the rat but do no damage.
The rat is severely wounded.
The rat barely misses you.
You barely miss the rat.
The rat is severely wounded.
The rat bites you but does no damage.
You hit the rat but do no damage.
The rat is severely wounded.
The rat misses you.
You closely miss the rat.
The rat is severely wounded.
The rat closely misses you.
You hit the rat.
You kill the rat!
The worm misses you.
You see here a rat corpse.
You barely miss the worm. The worm bites you!
You die...

.....................##.†.>....#
....#.....#...#....#..#........#
.....##.#.....#............######
........###...#[...######........
..#######.....#....##...#........
.###....###...#....#.............
##.......##[..#..................
#.........#<..#####..............
#....#....##...w@..........<.....
..r.###...##...#####.............
.._.#y#......### ##...##.......
)...###...#### #############
#)r..#....# #.).......#
##.......## ###....## ######


You could see a worm.

Vanquished Creatures
  An adder (D:2)
  An ooze (D:1)
  A leopard gecko (D:1)
  4 giant cockroaches
  A goblin (D:1)
  4 hobgoblins
  A jackal (D:1)
  A quokka (D:2)
  3 bats
  6 frilled lizards (D:1)
  4 kobolds
  2 rats (D:2)
29 creatures vanquished.

Vanquished Creatures (others)
  A plant (D:2)
1 creature vanquished.

Grand Total: 30 creatures vanquished

Notes
Turn   | Place    | Note
-------+----------+-------------------------------------------
     0 | D:1      | pascalblue the Deep Elf Earth Elementalist began the quest
                  | for the Orb.
     0 | D:1      | Reached XP level 1. HP: 10/10 MP: 6/6
   516 | D:1      | Reached XP level 2. HP: 6/15 MP: 6/8
  1709 | D:2      | Reached XP level 3. HP: 19/19 MP: 10/10
  1710 | D:2      | Found a shadowy altar of Dithmenos.
  1712 | D:2      | Found an ornate altar of the Wu Jian Council.
  1714 | D:2      | Found an ancient bone altar of Kikubaaqudgha.
  2232 | D:2      | Noticed a moth of wrath
  2235 | D:2      | Found a bloodstained altar of Trog.
  2269 | D:2      | Slain by a worm

Illustrated notes

Levels and vault maps discovered:
D:1:      dpeg_arrival_tiny_g, layout_basic, st_stairs_11, minmay_crystal_room,
          kennysheep_another_room, minmay_lizard_pond
D:2:      layout_rooms, tgw_trog, gammafunk_temple_overflow_forgotten,
          chequers_ecumenical_altar_simple_redux, kennysheep_decorative_pillar

Skill      XL: |  1  2  3 |
---------------+----------+-----
Spellcasting   | 4 |  4.0
Earth Magic    | 4 |  4.0
Dodging        | |  2.4
Stealth        | |  2.4
Transmutations | |  1.9

Action                   || total
-------------------------++-------
Melee: Short sword       ||   110
 Cast: Sandblast         ||    18
 Stab: Sleeping          ||     4
       Distracted        ||     1
Armor: Robe              ||    25
Dodge: Dodged            ||   104
